Mulligans vs Remparts
Created - March 17, 2020 at 08:16
Goals
|
Mulligans |
1 |
2 |
3 |
0 |
2 |
7 |
Remparts |
1 |
3 |
2 |
0 |
1 |
6 |
|
Shots
|
Mulligans |
12 |
13 |
11 |
1 |
4 |
37 |
Remparts |
11 |
20 |
10 |
0 |
4 |
41 |
|
1st period
1. Mulligans , Eric Tangradi 46 (Anton Lander 68, Jonathan Ferland 44) at 12:42
2. Remparts , Nail Yakupov 26 (Sam Reinhart 19, Brendan Perlini 12) at 14:24
Penalties :
Michael Sdao (Rep) for Holding (Minor) at 15:00
2nd period
3. Mulligans , Drayson Bowman 16 (Michael Sdao 26, Joonas Donskoi 18) at 0:57
4. Remparts , Nail Yakupov 27 (Sam Reinhart 20, Rickard Rakell 18) at 3:44
5. Remparts , Guillaume Desbiens 26 (Jonathan Matsumoto 12, Brendan Perlini 13) at 10:15
6. Mulligans , Anton Lander 26 (Eric Tangradi 36, Darren Dietz 20) at 15:23
7. Remparts , Max Reinhart 26 (Michael Downing 2, William Colbert 25) at 19:29
Penalties :
Viktor Baldayev (Que) for Kneeing (Minor) at 15:34
3rd period
8. Remparts , Niklas Hansson 4 (Guillaume Desbiens 36, Jonathan Matsumoto 13) at 2:49
9. Mulligans , Anton Lander 27 (Jonathan Ferland 45) at 4:45
10. Remparts , Guillaume Desbiens 27 (Keaton Thompson 11, Jonathan Matsumoto 14) at 6:19
11. Mulligans , Sam Bennett 8 (Joonas Donskoi 19, Dalton Thrower 10) at 8:43
12. Mulligans , Jonathan Ferland 27 (Anton Lander 69) at 18:37
Penalties :
No Penalty
Overtime #1
No Goal
Penalties :
No Penalty
Shootout
Mulligans, Anton Lander - Shot Misses the Net
Remparts, Jonathan Matsumoto - Stopped by Juuse Saros
Mulligans, Eric Tangradi - Goal!
Remparts, Pontus Aberg - Goal!
Mulligans, Jonathan Ferland - Shot Misses the Net
Remparts, Max Reinhart - Stopped by Juuse Saros
Mulligans, Maxime Macenauer - Goal!
Remparts, Brendan Perlini - Stopped by Juuse Saros
Penalties :
No Penalty
Goalie Stats
Juuse Saros (Rep), 35 saves from 41 shots - (0.854), W, 5-10-2, 65:00 minutes
Garret Sparks (Que), 31 saves from 37 shots - (0.838), OTL, 12-14-3, 65:00 minutes
Players Stats for Mulligans
Player Name G A P +/- PIM S H SB GA TA FO MP PP MP PK MP
------------------------------------------------------------------------------------
Anton Lander 2 2 4 2 0 4 2 2 0 0 11/19 22:24 0:58 0:59
Ben Hutton 0 0 0 3 0 1 0 1 2 1 0/0 23:15 0:45 1:01
Cody Goloubef 0 0 0 -2 0 5 0 3 2 2 0/0 26:41 1:14 1:22
Dalton Thrower 0 1 1 -1 0 0 0 1 0 0 0/0 15:57 0:00 0:00
Darren Dietz 0 1 1 3 0 1 1 2 1 0 0/0 22:42 0:45 0:37
Drayson Bowman 1 0 1 0 0 2 2 0 0 0 0/0 14:26 0:02 0:00
Eric Tangradi 1 1 2 2 0 3 1 0 0 1 2/2 22:22 0:57 0:59
Jonathan Ferland 1 2 3 2 0 3 0 1 0 0 1/2 21:20 0:58 0:20
Joonas Donskoi 0 2 2 0 0 2 1 0 0 0 0/0 13:07 0:01 0:00
Logan Shaw 0 0 0 0 0 3 2 0 1 0 0/0 15:40 1:00 0:00
Matt Beleskey 0 0 0 0 0 4 1 0 1 0 1/1 14:35 0:00 0:00
Maxime Macenauer 0 0 0 0 0 1 0 1 0 0 10/20 18:45 1:01 0:47
Michael Sdao 0 1 1 -2 2 2 1 0 0 2 0/0 25:10 1:14 0:00
Robbie Russo 0 0 0 -1 0 0 0 0 0 0 0/0 16:35 0:00 0:58
Robby Fabbri 0 0 0 -2 0 0 0 0 0 0 2/3 9:55 0:00 0:13
Sam Bennett 1 0 1 0 0 3 0 0 0 0 4/14 12:49 0:00 0:00
Sven Baertschi 0 0 0 -2 0 3 1 0 0 0 0/0 12:57 1:00 0:40
Valeri Nichushkin 0 0 0 -2 0 0 1 0 0 0 0/1 9:20 0:00 0:00
Players Stats for Remparts
Player Name G A P +/- PIM S H SB GA TA FO MP PP MP PK MP
------------------------------------------------------------------------------------
Brendan Perlini 0 2 2 2 0 1 1 0 0 0 0/1 16:51 0:53 0:00
Guillaume Desbiens 2 1 3 2 0 6 0 0 3 0 0/0 17:01 0:53 0:00
Jake Virtanen 0 0 0 -1 0 1 1 0 0 0 0/0 8:29 0:10 0:00
Jonathan Matsumoto 0 3 3 2 0 4 4 2 0 0 6/12 18:30 0:53 0:44
Keaton Thompson 0 1 1 1 0 1 0 0 0 0 0/0 13:31 0:00 0:00
Matt Puempel 0 0 0 0 0 0 0 1 0 0 0/0 12:51 0:00 0:14
Max Reinhart 1 0 1 -1 0 2 1 2 0 1 15/32 24:18 0:59 0:50
Michael Downing 0 1 1 1 0 0 0 1 0 0 0/0 13:45 0:00 0:48
Michal Jordan 0 0 0 -1 0 3 1 2 1 1 0/0 29:47 1:08 0:48
Mitchell Heard 0 0 0 -1 0 3 0 1 0 0 3/4 8:37 0:00 0:35
Nail Yakupov 2 0 2 0 0 4 2 0 0 0 0/0 12:22 0:00 0:00
Niklas Hansson 1 0 1 0 0 5 1 3 0 0 0/0 21:42 0:51 1:11
Pontus Aberg 0 0 0 -1 0 5 5 1 0 0 3/5 23:02 0:59 0:00
Rickard Rakell 0 1 1 -1 0 2 2 1 1 1 0/2 24:09 1:03 0:45
Roberts Lipsbergs 0 0 0 -1 0 0 1 0 0 0 1/1 9:27 0:07 0:50
Sam Reinhart 0 2 2 0 0 2 1 0 0 1 3/5 12:22 0:00 0:00
Viktor Baldayev 0 0 0 0 2 0 2 2 0 2 0/0 21:04 0:51 0:00
William Colbert 0 1 1 -1 0 2 2 4 1 1 0/0 30:12 1:08 1:11
3 Stars
1 - Anton Lander (Rep)
2 - Guillaume Desbiens (Que)
3 - Jonathan Ferland (Rep)
Power Play
Mulligans - 0 on 1 Attempt(s) - 0.00%
Remparts - 0 on 1 Attempt(s) - 0.00%
Penalty Kill
Mulligans - 1 on 1 Attempt(s) - 100.00%
- Score 0 goal in Penalty Kill
Remparts - 1 on 1 Attempt(s) - 100.00%
- Score 0 goal in Penalty Kill
Team Stat
Mulligans - Hits : 13 - Faceoff Wins : 31 - Blocked Shots : 11 - Penalty Minutes : 2
Remparts - Hits : 24 - Faceoff Wins : 31 - Blocked Shots : 20 - Penalty Minutes : 2
Official
Referees : Unknown
Linesman : Unknown
Game Notes
No Game Note
Finance
Level 1 -- Attendance: 1931 (96.55%) -- Ticket Income $57,930
Level 2 -- Attendance: 627 (62.70%) -- Ticket Income $12,540
Total Attendance: 2558 (85.27%)
Total Ticket Income: $70,470
Other Income: $3,524
Total Income: $73,994
Mulligans
5 vs 5 Forward
Center Left Wing Right Wing Time % Phy DF OF
1 Anton Lander Eric Tangradi Jonathan Ferland 34 0 2 3
2 Maxime Macenauer Matt Beleskey Logan Shaw 28 0 2 3
3 Sam Bennett Drayson Bowman Joonas Donskoi 22 0 2 3
4 Robby Fabbri Sven Baertschi Valeri Nichushkin 16 0 2 3
5 vs 5 Defense
Defense Defense Time % Phy DF OF
1 Cody Goloubef Michael Sdao 40 0 3 2
2 Ben Hutton Darren Dietz 35 0 3 2
3 Dalton Thrower Robbie Russo 25 0 3 2
4 Cody Goloubef Michael Sdao 0 0 3 2
PowerPlay Forward
Center Left Wing Right Wing Time % Phy DF OF
1 Anton Lander Eric Tangradi Jonathan Ferland 60 0 1 4
2 Maxime Macenauer Sven Baertschi Logan Shaw 40 0 1 4
PowerPlay Defense
Defense Defense Time % Phy DF OF
1 Cody Goloubef Michael Sdao 60 0 2 3
2 Ben Hutton Darren Dietz 40 0 2 3
Penalty Kill 4 Players Forward
Center Wing Time % Phy DF OF
1 Anton Lander Eric Tangradi 60 0 3 2
2 Jonathan Ferland Maxime Macenauer 40 0 3 2
Penalty Kill 4 Players Defense
Defense Defense Time % Phy DF OF
1 Cody Goloubef Michael Sdao 60 1 4 0
2 Ben Hutton Darren Dietz 40 1 4 0
Penalty Kill - 3 Players Forward
Forward Time % Phy DF OF
1 Anton Lander 60 1 3 1
2 Eric Tangradi 40 1 3 1
Penalty Kill - 3 Players Defense
Defense Defense Time % Phy DF OF
1 Cody Goloubef Michael Sdao 60 1 4 0
2 Ben Hutton Darren Dietz 40 1 4 0
4 vs 4 Forward
Center Wing Time % Phy DF OF
1 Anton Lander Eric Tangradi 60 0 2 3
2 Jonathan Ferland Maxime Macenauer 40 0 2 3
4 vs 4 Defense
Defense Defense Time % Phy DF OF
1 Cody Goloubef Michael Sdao 60 0 3 2
2 Ben Hutton Darren Dietz 40 0 3 2
Last Minutes Offensive
Center Left Wing Right Wing Defense Defense
Anton Lander Eric Tangradi Jonathan Ferland Cody Goloubef Michael Sdao
Last Minutes Defensive
Center Left Wing Right Wing Defense Defense
Anton Lander Eric Tangradi Jonathan Ferland Cody Goloubef Michael Sdao
Goaltenders
Starting : Juuse Saros
Backup : Calvin Pickard
Extra Forwards
Normal : Anton Lander, Eric Tangradi, Jonathan Ferland - PP : Anton Lander, Jonathan Ferland - PK : Eric Tangradi
Extra Defensemen
Normal : Dalton Thrower, Robbie Russo, Ben Hutton - PP : Dalton Thrower - PK : Robbie Russo, Ben Hutton
Penalty Shots
Anton Lander, Eric Tangradi, Jonathan Ferland, Maxime Macenauer, Matt Beleskey
Scratches
Reid Boucher (Healthy), Nick Moutrey (Healthy), John Hayden (Healthy), Jonny Brodzinski (Healthy), Cade Fairchild (Healthy)
Cristiano Digiacinto (Healthy)
Remparts
5 vs 5 Forward
Center Left Wing Right Wing Time % Phy DF OF
1 Max Reinhart Pontus Aberg Rickard Rakell 40 1 2 2
2 Jonathan Matsumoto Brendan Perlini Guillaume Desbiens 30 1 2 2
3 Sam Reinhart Matt Puempel Nail Yakupov 20 1 2 2
4 Mitchell Heard Roberts Lipsbergs Jake Virtanen 10 1 2 2
5 vs 5 Defense
Defense Defense Time % Phy DF OF
1 William Colbert Michal Jordan 40 1 2 2
2 Niklas Hansson Viktor Baldayev 30 1 2 2
3 Keaton Thompson Michael Downing 20 1 2 2
4 William Colbert Michal Jordan 10 1 2 2
PowerPlay Forward
Center Left Wing Right Wing Time % Phy DF OF
1 Max Reinhart Pontus Aberg Rickard Rakell 60 1 2 2
2 Jonathan Matsumoto Brendan Perlini Guillaume Desbiens 40 1 2 2
PowerPlay Defense
Defense Defense Time % Phy DF OF
1 William Colbert Michal Jordan 60 1 2 2
2 Niklas Hansson Viktor Baldayev 40 1 2 2
Penalty Kill 4 Players Forward
Center Wing Time % Phy DF OF
1 Max Reinhart Rickard Rakell 60 1 2 2
2 Jonathan Matsumoto Guillaume Desbiens 40 1 2 2
Penalty Kill 4 Players Defense
Defense Defense Time % Phy DF OF
1 Niklas Hansson William Colbert 60 1 2 2
2 Michal Jordan Viktor Baldayev 40 1 2 2
Penalty Kill - 3 Players Forward
Forward Time % Phy DF OF
1 Max Reinhart 60 1 2 2
2 Rickard Rakell 40 1 2 2
Penalty Kill - 3 Players Defense
Defense Defense Time % Phy DF OF
1 Niklas Hansson William Colbert 60 1 2 2
2 Michal Jordan Viktor Baldayev 40 1 2 2
4 vs 4 Forward
Center Wing Time % Phy DF OF
1 Max Reinhart Rickard Rakell 60 1 2 2
2 Jonathan Matsumoto Pontus Aberg 40 1 2 2
4 vs 4 Defense
Defense Defense Time % Phy DF OF
1 William Colbert Michal Jordan 60 1 2 2
2 Niklas Hansson Viktor Baldayev 40 1 2 2
Last Minutes Offensive
Center Left Wing Right Wing Defense Defense
Max Reinhart Pontus Aberg Rickard Rakell William Colbert Michal Jordan
Last Minutes Defensive
Center Left Wing Right Wing Defense Defense
Max Reinhart Pontus Aberg Rickard Rakell William Colbert Niklas Hansson
Goaltenders
Starting : Garret Sparks
Backup : Igor Bobkov
Extra Forwards
Normal : Jake Virtanen, Pontus Aberg, Max Reinhart - PP : Jake Virtanen, Max Reinhart - PK : Jonathan Matsumoto
Extra Defensemen
Normal : Niklas Hansson, William Colbert, Michal Jordan - PP : Keaton Thompson - PK : Michal Jordan, Niklas Hansson
Penalty Shots
Jonathan Matsumoto, Pontus Aberg, Max Reinhart, Brendan Perlini, Nail Yakupov
Scratches
Juuso Ikonen (Healthy), Colin Smith (Healthy), Kyle Platzer (Healthy), Connor Honey (Healthy), Anton Zlobin (Healthy)
Cédric Lalonde-McNicoll (Healthy), Tim Bozon (Healthy), Nelson Nogier (Sprained Right Ankle Injury), Marek Langhamer (Healthy)
% Time on Ice - Mulligans
Lines # - Real PCT - Wanted PCT - Time Play
Normal Forward
1 - 34% - 34% - 19:01
2 - 27% - 28% - 14:52
3 - 23% - 22% - 12:49
4 - 17% - 16% - 9:20
Normal Defense
1 - 39% - 40% - 21:45
2 - 35% - 35% - 19:45
3 - 26% - 25% - 14:32
4 - 0% - 0% - 0:00
PP Forward
1 - 49% - 60% - 0:58
2 - 51% - 40% - 1:01
PP Defense
1 - 62% - 60% - 1:14
2 - 38% - 40% - 0:45
PK Forward
1 - 83% - 60% - 1:39
2 - 17% - 40% - 0:20
PK Defense
1 - 69% - 60% - 1:22
2 - 31% - 40% - 0:37
PK3 Forward
1 - 0% - 60%
2 - 0% - 40%
PK3 Defense
1 - 0% - 60%
2 - 0% - 40%
44 Forward
1 - 93% - 60% - 4:40
2 - 7% - 40% - 0:20
44 Defense
1 - 68% - 60% - 3:25
2 - 32% - 40% - 1:35
Last Minute Offensive - 0:00
Last Minute Defensive - 0:00
Total
Forward - 65:00
Defense - 65:00
|
% Time on Ice - Remparts
Lines # - Real PCT - Wanted PCT - Time Play
Normal Forward
1 - 37% - 40% - 20:48
2 - 28% - 30% - 15:58
3 - 22% - 20% - 12:22
4 - 12% - 10% - 6:54
Normal Defense
1 - 39% - 40% - 21:52
2 - 32% - 30% - 17:59
3 - 22% - 20% - 12:05
4 - 7% - 10% - 4:06
PP Forward
1 - 55% - 60% - 1:06
2 - 45% - 40% - 0:53
PP Defense
1 - 57% - 60% - 1:08
2 - 43% - 40% - 0:51
PK Forward
1 - 100% - 60% - 1:59
2 - 0% - 40% - 0:00
PK Defense
1 - 60% - 60% - 1:11
2 - 40% - 40% - 0:48
PK3 Forward
1 - 0% - 60%
2 - 0% - 40%
PK3 Defense
1 - 0% - 60%
2 - 0% - 40%
44 Forward
1 - 82% - 60% - 4:07
2 - 18% - 40% - 0:53
44 Defense
1 - 38% - 60% - 1:55
2 - 62% - 40% - 3:05
Last Minute Offensive - 0:00
Last Minute Defensive - 0:00
Total
Forward - 65:00
Defense - 65:00
|
Play-by-Play
1st period
0:01 of 1st period - Jonathan Ferland wins face-off versus Max Reinhart in neutral zone.
0:10 of 1st period - Snap shot by Eric Tangradi.
0:10 of 1st period - Shot Misses the Net.
0:12 of 1st period - Slapshot by Cody Goloubef.
0:12 of 1st period - Shot Blocked by Michal Jordan.
1:08 of 1st period - Wrist shot by Sam Bennett.
1:08 of 1st period - Shot Blocked by Niklas Hansson.
1:14 of 1st period - Snap shot by Joonas Donskoi.
1:14 of 1st period - Shot Blocked by Niklas Hansson.
1:32 of 1st period - Snap shot by Pontus Aberg.
1:32 of 1st period - Shot Blocked by Anton Lander.
1:54 of 1st period - Snap shot by Matt Beleskey.
1:54 of 1st period - Shot Misses the Net.
3:28 of 1st period - Michael Sdao is hit by Nail Yakupov and loses puck.
4:11 of 1st period - Anton Lander is hit by Roberts Lipsbergs and loses puck.
4:32 of 1st period - Guillaume Desbiens is hit by Logan Shaw and loses puck.
5:16 of 1st period - Wrist shot by Pontus Aberg.
5:16 of 1st period - Stopped by Juuse Saros with a rebound.
5:48 of 1st period - Cody Goloubef is hit by Jake Virtanen and loses puck.
6:07 of 1st period - Snap shot by Guillaume Desbiens.
6:07 of 1st period - Stopped by Juuse Saros without a rebound.
6:08 of 1st period - Maxime Macenauer wins face-off versus Max Reinhart in Mulligans zone.
6:43 of 1st period - Snap shot by Nail Yakupov.
6:43 of 1st period - Shot Blocked by Dalton Thrower.
6:59 of 1st period - Wrist shot by Matt Beleskey.
6:59 of 1st period - Stopped by Garret Sparks with a rebound.
7:01 of 1st period - Wrist shot by Logan Shaw.
7:01 of 1st period - Shot Blocked by William Colbert.
7:21 of 1st period - Wrist shot by Logan Shaw.
7:21 of 1st period - Shot Misses the Net.
7:23 of 1st period - Slapshot by Matt Beleskey.
7:23 of 1st period - Stopped by Garret Sparks without a rebound.
7:24 of 1st period - Eric Tangradi wins face-off versus Max Reinhart in Remparts zone.
7:29 of 1st period - Slapshot by Anton Lander.
7:29 of 1st period - Stopped by Garret Sparks with a rebound.
7:31 of 1st period - Slapshot by Jonathan Ferland.
7:31 of 1st period - Shot Blocked by Rickard Rakell.
7:33 of 1st period - Wrist shot by Eric Tangradi.
7:33 of 1st period - Stopped by Garret Sparks with a rebound.
7:35 of 1st period - Wrist shot by Anton Lander.
7:35 of 1st period - Shot Blocked by Max Reinhart.
7:37 of 1st period - Wrist shot by Eric Tangradi.
7:37 of 1st period - Shot Blocked by Max Reinhart.
7:39 of 1st period - Wrist shot by Anton Lander.
7:39 of 1st period - Deflect By Rickard Rakell.
7:39 of 1st period - Shot Blocked by Niklas Hansson.
7:39 of 1st period - Puck is out of play.
7:40 of 1st period - Jonathan Matsumoto wins face-off versus Sam Bennett in Remparts zone.
8:05 of 1st period - Eric Tangradi is hit by Rickard Rakell and loses puck.
8:11 of 1st period - Off-side.
8:12 of 1st period - Anton Lander wins face-off versus Max Reinhart in neutral zone.
8:49 of 1st period - Wrist shot by Guillaume Desbiens.
8:49 of 1st period - Stopped by Juuse Saros without a rebound.
8:50 of 1st period - Max Reinhart wins face-off versus Anton Lander in Mulligans zone.
9:15 of 1st period - Guillaume Desbiens is hit by Darren Dietz and loses puck.
9:24 of 1st period - Snap shot by Robby Fabbri.
9:24 of 1st period - Deflect By Sven Baertschi.
9:24 of 1st period - Stopped by Garret Sparks without a rebound.
9:25 of 1st period - Max Reinhart wins face-off versus Sam Bennett in Remparts zone.
9:40 of 1st period - Snap shot by Max Reinhart.
9:40 of 1st period - Shot Misses the Net.
9:46 of 1st period - Rickard Rakell is hit by Joonas Donskoi and loses puck.
9:57 of 1st period - Snap shot by Brendan Perlini.
9:57 of 1st period - Stopped by Juuse Saros with a rebound.
10:25 of 1st period - Snap shot by Jonathan Ferland.
10:25 of 1st period - Stopped by Garret Sparks without a rebound.
10:26 of 1st period - Sam Reinhart wins face-off versus Maxime Macenauer in Remparts zone.
10:33 of 1st period - Slapshot by Nail Yakupov.
10:33 of 1st period - Shot Misses the Net.
10:35 of 1st period - Snap shot by Nail Yakupov.
10:35 of 1st period - Shot Misses the Net.
10:37 of 1st period - Slapshot by Niklas Hansson.
10:37 of 1st period - Shot Blocked by Cody Goloubef.
10:39 of 1st period - Backhand shot by Niklas Hansson.
10:39 of 1st period - Stopped by Juuse Saros with a rebound.
11:01 of 1st period - Wrist shot by Jake Virtanen.
11:01 of 1st period - Shot Blocked by Maxime Macenauer.
11:03 of 1st period - Snap shot by Keaton Thompson.
11:03 of 1st period - Stopped by Juuse Saros without a rebound.
11:04 of 1st period - Anton Lander wins face-off versus Max Reinhart in Mulligans zone.
11:13 of 1st period - Wrist shot by Jonathan Ferland.
11:13 of 1st period - Shot Misses the Net.
11:21 of 1st period - Darren Dietz is hit by Viktor Baldayev and loses puck.
11:39 of 1st period - Snap shot by Rickard Rakell.
11:39 of 1st period - Shot Misses the Net.
12:40 of 1st period - Snap shot by Eric Tangradi.
12:40 of 1st period - Stopped by Garret Sparks with a rebound.
12:42 of 1st period - Wrist shot by Eric Tangradi.
12:42 of 1st period - Goal by Eric Tangradi - Mulligans : 1 - Remparts : 0.
12:43 of 1st period - Robby Fabbri wins face-off versus Jonathan Matsumoto in neutral zone.
12:48 of 1st period - Slapshot by Sven Baertschi.
12:48 of 1st period - Shot Misses the Net.
12:50 of 1st period - Wrist shot by Sven Baertschi.
12:50 of 1st period - Shot Misses the Net.
12:54 of 1st period - Snap shot by Sven Baertschi.
12:54 of 1st period - Deflect By Valeri Nichushkin.
12:54 of 1st period - Shot Misses the Net.
12:54 of 1st period - Puck is out of play.
12:55 of 1st period - Jonathan Matsumoto wins face-off versus Sam Bennett in Remparts zone.
12:55 of 1st period - Jonathan Matsumoto is hit by Drayson Bowman.
13:30 of 1st period - Snap shot by Nail Yakupov.
13:30 of 1st period - Shot Misses the Net.
13:32 of 1st period - Slapshot by Michal Jordan.
13:32 of 1st period - Stopped by Juuse Saros with a rebound.
13:50 of 1st period - Backhand shot by Mitchell Heard.
13:50 of 1st period - Shot Blocked by Cody Goloubef.
14:08 of 1st period - Wrist shot by Drayson Bowman.
14:08 of 1st period - Shot Blocked by Jonathan Matsumoto.
14:24 of 1st period - Snap shot by Nail Yakupov.
14:24 of 1st period - Goal by Nail Yakupov - Mulligans : 1 - Remparts : 1.
14:25 of 1st period - Max Reinhart wins face-off versus Maxime Macenauer in neutral zone.
14:38 of 1st period - Slapshot by Logan Shaw.
14:38 of 1st period - Stopped by Garret Sparks without a rebound.
14:39 of 1st period - Jonathan Matsumoto wins face-off versus Sam Bennett in Remparts zone.
15:00 of 1st period - Minor Penalty to Michael Sdao for Holding.
15:01 of 1st period - Max Reinhart wins face-off versus Anton Lander in Mulligans zone.
15:06 of 1st period - Wrist shot by Rickard Rakell.
15:06 of 1st period - Shot Blocked by Anton Lander.
16:18 of 1st period - Cody Goloubef is hit by Niklas Hansson and loses puck.
17:00 of 1st period - Penalty to Michael Sdao is over, Michael Sdao is back on ice.
17:20 of 1st period - Wrist shot by Maxime Macenauer.
17:20 of 1st period - Deflect By Sven Baertschi.
17:20 of 1st period - Deflect By William Colbert.
17:20 of 1st period - Shot Misses the Net.
17:20 of 1st period - Puck is out of play.
17:21 of 1st period - Sam Bennett wins face-off versus Mitchell Heard in Remparts zone.
17:22 of 1st period - Snap shot by Joonas Donskoi.
17:22 of 1st period - Shot Misses the Net.
17:28 of 1st period - Snap shot by Mitchell Heard.
17:28 of 1st period - Stopped by Juuse Saros without a rebound.
17:29 of 1st period - Mitchell Heard wins face-off versus Sam Bennett in Mulligans zone.
17:42 of 1st period - Wrist shot by Jake Virtanen.
17:42 of 1st period - Stopped by Juuse Saros without a rebound.
17:43 of 1st period - Maxime Macenauer wins face-off versus Max Reinhart in Mulligans zone.
17:43 of 1st period - Maxime Macenauer is hit by Michal Jordan.
18:09 of 1st period - Slapshot by Jonathan Matsumoto.
18:09 of 1st period - Stopped by Juuse Saros with a rebound.
18:31 of 1st period - Slapshot by Sven Baertschi.
18:31 of 1st period - Stopped by Garret Sparks with a rebound.
18:33 of 1st period - Slapshot by Michael Sdao.
18:33 of 1st period - Stopped by Garret Sparks with a rebound.
18:35 of 1st period - Snap shot by Cody Goloubef.
18:35 of 1st period - Stopped by Garret Sparks with a rebound.
18:37 of 1st period - Snap shot by Michael Sdao.
18:37 of 1st period - Deflect By Valeri Nichushkin.
18:37 of 1st period - Shot Misses the Net.
18:37 of 1st period - Puck is out of play.
18:38 of 1st period - Max Reinhart wins face-off versus Maxime Macenauer in Remparts zone.
18:49 of 1st period - Wrist shot by Max Reinhart.
18:49 of 1st period - Shot Misses the Net.
Goals for this period are 1 for Mulligans vs 1 for Remparts.
Shots for this period are 12 for Mulligans vs 11 for Remparts.
2nd period
0:01 of 2nd period - Maxime Macenauer wins face-off versus Max Reinhart in neutral zone.
0:06 of 2nd period - Slapshot by Matt Beleskey.
0:06 of 2nd period - Stopped by Garret Sparks with a rebound.
0:53 of 2nd period - Snap shot by Joonas Donskoi.
0:53 of 2nd period - Shot Misses the Net.
0:55 of 2nd period - Slapshot by Michael Sdao.
0:55 of 2nd period - Stopped by Garret Sparks with a rebound.
0:57 of 2nd period - Slapshot by Drayson Bowman.
0:57 of 2nd period - Goal by Drayson Bowman - Mulligans : 2 - Remparts : 1.
0:58 of 2nd period - Maxime Macenauer wins face-off versus Pontus Aberg in neutral zone.
1:07 of 2nd period - Snap shot by Logan Shaw.
1:07 of 2nd period - Stopped by Garret Sparks with a rebound.
1:23 of 2nd period - Wrist shot by Jonathan Ferland.
1:23 of 2nd period - Shot Misses the Net.
1:43 of 2nd period - Wrist shot by Drayson Bowman.
1:43 of 2nd period - Shot Misses the Net.
1:45 of 2nd period - Slapshot by Cody Goloubef.
1:45 of 2nd period - Deflect By Michal Jordan.
1:45 of 2nd period - Stopped by Garret Sparks with a rebound.
1:47 of 2nd period - Slapshot by Michael Sdao.
1:47 of 2nd period - Shot Blocked by William Colbert.
1:49 of 2nd period - Slapshot by Michael Sdao.
1:49 of 2nd period - Shot Misses the Net.
1:51 of 2nd period - Slapshot by Cody Goloubef.
1:51 of 2nd period - Stopped by Garret Sparks without a rebound.
1:52 of 2nd period - Maxime Macenauer wins face-off versus Rickard Rakell in Remparts zone.
1:57 of 2nd period - Wrist shot by Logan Shaw.
1:57 of 2nd period - Shot Misses the Net.
1:59 of 2nd period - Snap shot by Maxime Macenauer.
1:59 of 2nd period - Shot Misses the Net.
2:03 of 2nd period - Wrist shot by Maxime Macenauer.
2:03 of 2nd period - Stopped by Garret Sparks with a rebound.
2:05 of 2nd period - Slapshot by Cody Goloubef.
2:05 of 2nd period - Shot Blocked by Viktor Baldayev.
2:07 of 2nd period - Snap shot by Maxime Macenauer.
2:07 of 2nd period - Shot Blocked by Viktor Baldayev.
2:46 of 2nd period - Niklas Hansson is hit by Valeri Nichushkin and loses puck.
3:44 of 2nd period - Snap shot by Sam Reinhart.
3:44 of 2nd period - Deflect By Nail Yakupov.
3:44 of 2nd period - Goal by Nail Yakupov - Mulligans : 2 - Remparts : 2.
3:45 of 2nd period - Anton Lander wins face-off versus Max Reinhart in neutral zone.
3:58 of 2nd period - Snap shot by Rickard Rakell.
3:58 of 2nd period - Stopped by Juuse Saros without a rebound.
3:59 of 2nd period - Max Reinhart wins face-off versus Maxime Macenauer in Mulligans zone.
4:16 of 2nd period - Michal Jordan is hit by Matt Beleskey and loses puck.
4:54 of 2nd period - Snap shot by Sam Reinhart.
4:54 of 2nd period - Shot Misses the Net.
4:56 of 2nd period - Slapshot by William Colbert.
4:56 of 2nd period - Deflect By Sven Baertschi.
4:56 of 2nd period - Stopped by Juuse Saros without a rebound.
4:57 of 2nd period - Pontus Aberg wins face-off versus Sam Bennett in Mulligans zone.
5:23 of 2nd period - Wrist shot by Matt Puempel.
5:23 of 2nd period - Shot Misses the Net.
5:25 of 2nd period - Wrist shot by Niklas Hansson.
5:25 of 2nd period - Stopped by Juuse Saros with a rebound.
5:31 of 2nd period - Slapshot by Sam Reinhart.
5:31 of 2nd period - Stopped by Juuse Saros without a rebound.
5:32 of 2nd period - Maxime Macenauer wins face-off versus Jonathan Matsumoto in Mulligans zone.
6:35 of 2nd period - Slapshot by Ben Hutton.
6:35 of 2nd period - Stopped by Garret Sparks with a rebound.
6:37 of 2nd period - Slapshot by Ben Hutton.
6:37 of 2nd period - Shot Blocked by Michael Downing.
6:39 of 2nd period - Wrist shot by Sam Bennett.
6:39 of 2nd period - Shot Misses the Net.
6:41 of 2nd period - Slapshot by Ben Hutton.
6:41 of 2nd period - Shot Misses the Net.
6:43 of 2nd period - Slapshot by Darren Dietz.
6:43 of 2nd period - Shot Misses the Net.
6:45 of 2nd period - Wrist shot by Joonas Donskoi.
6:45 of 2nd period - Stopped by Garret Sparks without a rebound.
6:46 of 2nd period - Anton Lander wins face-off versus Max Reinhart in Remparts zone.
7:13 of 2nd period - Dalton Thrower is hit by Jonathan Matsumoto.
7:23 of 2nd period - Slapshot by Guillaume Desbiens.
7:23 of 2nd period - Stopped by Juuse Saros with a rebound.
7:25 of 2nd period - Snap shot by Jonathan Matsumoto.
7:25 of 2nd period - Shot Misses the Net.
7:39 of 2nd period - Snap shot by Mitchell Heard.
7:39 of 2nd period - Stopped by Juuse Saros without a rebound.
7:40 of 2nd period - Roberts Lipsbergs wins face-off versus Jonathan Ferland in Mulligans zone.
7:56 of 2nd period - Wrist shot by Eric Tangradi.
7:56 of 2nd period - Shot Blocked by Mitchell Heard.
8:33 of 2nd period - Wrist shot by Jonathan Matsumoto.
8:33 of 2nd period - Shot Misses the Net.
8:35 of 2nd period - Slapshot by William Colbert.
8:35 of 2nd period - Stopped by Juuse Saros with a rebound.
9:12 of 2nd period - Off-side.
9:13 of 2nd period - Anton Lander wins face-off versus Pontus Aberg in neutral zone.
9:38 of 2nd period - Logan Shaw is hit by Jonathan Matsumoto and loses puck.
9:57 of 2nd period - Wrist shot by Drayson Bowman.
9:57 of 2nd period - Stopped by Garret Sparks with a rebound.
10:03 of 2nd period - Snap shot by Jonathan Matsumoto.
10:03 of 2nd period - Stopped by Juuse Saros with a rebound.
10:05 of 2nd period - Snap shot by Guillaume Desbiens.
10:05 of 2nd period - Shot Misses the Net.
10:15 of 2nd period - Snap shot by Guillaume Desbiens.
10:15 of 2nd period - Goal by Guillaume Desbiens - Mulligans : 2 - Remparts : 3.
10:16 of 2nd period - Max Reinhart wins face-off versus Anton Lander in neutral zone.
10:37 of 2nd period - Max Reinhart is hit by Anton Lander and loses puck.
11:02 of 2nd period - Michael Sdao is hit by Sam Reinhart and loses puck.
11:17 of 2nd period - Cody Goloubef is hit by Jonathan Matsumoto and loses puck.
11:37 of 2nd period - Off-side.
11:38 of 2nd period - Mitchell Heard wins face-off versus Sam Bennett in neutral zone.
12:30 of 2nd period - Icing by Michael Downing.
12:31 of 2nd period - Mitchell Heard wins face-off versus Maxime Macenauer in Remparts zone.
12:39 of 2nd period - Off-side.
12:40 of 2nd period - Max Reinhart wins face-off versus Anton Lander in neutral zone.
13:47 of 2nd period - Slapshot by Rickard Rakell.
13:47 of 2nd period - Stopped by Juuse Saros with a rebound.
13:49 of 2nd period - Slapshot by Niklas Hansson.
13:49 of 2nd period - Deflect By Ben Hutton.
13:49 of 2nd period - Stopped by Juuse Saros without a rebound.
13:50 of 2nd period - Max Reinhart wins face-off versus Valeri Nichushkin in Mulligans zone.
13:55 of 2nd period - Wrist shot by Rickard Rakell.
13:55 of 2nd period - Shot Blocked by Ben Hutton.
13:57 of 2nd period - Snap shot by Pontus Aberg.
13:57 of 2nd period - Stopped by Juuse Saros with a rebound.
13:59 of 2nd period - Slapshot by Michal Jordan.
13:59 of 2nd period - Stopped by Juuse Saros without a rebound.
14:00 of 2nd period - Eric Tangradi wins face-off versus Max Reinhart in Mulligans zone.
14:00 of 2nd period - Eric Tangradi is hit by William Colbert.
14:08 of 2nd period - Slapshot by Max Reinhart.
14:08 of 2nd period - Stopped by Juuse Saros without a rebound.
14:09 of 2nd period - Max Reinhart wins face-off versus Anton Lander in Mulligans zone.
14:50 of 2nd period - Eric Tangradi is hit by Pontus Aberg and loses puck.
15:03 of 2nd period - Snap shot by Pontus Aberg.
15:03 of 2nd period - Stopped by Juuse Saros with a rebound.
15:05 of 2nd period - Slapshot by Rickard Rakell.
15:05 of 2nd period - Shot Blocked by Jonathan Ferland.
15:07 of 2nd period - Snap shot by Max Reinhart.
15:07 of 2nd period - Shot Misses the Net.
15:09 of 2nd period - Snap shot by Pontus Aberg.
15:09 of 2nd period - Stopped by Juuse Saros with a rebound.
15:11 of 2nd period - Snap shot by Michal Jordan.
15:11 of 2nd period - Stopped by Juuse Saros with a rebound.
15:13 of 2nd period - Snap shot by Rickard Rakell.
15:13 of 2nd period - Shot Misses the Net.
15:23 of 2nd period - Slapshot by Eric Tangradi.
15:23 of 2nd period - Deflect By Anton Lander.
15:23 of 2nd period - Goal by Anton Lander - Mulligans : 3 - Remparts : 3.
15:24 of 2nd period - Jonathan Matsumoto wins face-off versus Maxime Macenauer in neutral zone.
15:32 of 2nd period - Snap shot by Logan Shaw.
15:32 of 2nd period - Stopped by Garret Sparks with a rebound.
15:34 of 2nd period - Minor Penalty to Viktor Baldayev for Kneeing.
15:35 of 2nd period - Maxime Macenauer wins face-off versus Max Reinhart in Remparts zone.
17:34 of 2nd period - Penalty to Viktor Baldayev is over, Viktor Baldayev is back on ice.
17:41 of 2nd period - Darren Dietz is hit by Nail Yakupov and loses puck.
18:02 of 2nd period - Robby Fabbri is hit by Jonathan Matsumoto and loses puck.
18:22 of 2nd period - Icing by Sam Bennett.
18:23 of 2nd period - Sam Reinhart wins face-off versus Sam Bennett in Mulligans zone.
19:01 of 2nd period - Off-side.
19:02 of 2nd period - Maxime Macenauer wins face-off versus Jonathan Matsumoto in neutral zone.
19:05 of 2nd period - Slapshot by Cody Goloubef.
19:05 of 2nd period - Shot Blocked by William Colbert.
19:07 of 2nd period - Snap shot by Matt Beleskey.
19:07 of 2nd period - Stopped by Garret Sparks with a rebound.
19:25 of 2nd period - Snap shot by William Colbert.
19:25 of 2nd period - Shot Misses the Net.
19:27 of 2nd period - Slapshot by Michael Downing.
19:27 of 2nd period - Shot Blocked by Cody Goloubef.
19:29 of 2nd period - Wrist shot by Max Reinhart.
19:29 of 2nd period - Goal by Max Reinhart - Mulligans : 3 - Remparts : 4.
19:30 of 2nd period - Pontus Aberg wins face-off versus Anton Lander in neutral zone.
19:47 of 2nd period - Eric Tangradi is hit by Pontus Aberg and loses puck.
19:58 of 2nd period - Wrist shot by Nail Yakupov.
19:58 of 2nd period - Stopped by Juuse Saros with a rebound.
Goals for this period are 2 for Mulligans vs 3 for Remparts.
Shots for this period are 13 for Mulligans vs 20 for Remparts.
3rd period
0:01 of 3rd period - Max Reinhart wins face-off versus Maxime Macenauer in neutral zone.
0:08 of 3rd period - Cody Goloubef is hit by Rickard Rakell and loses puck.
0:15 of 3rd period - Slapshot by Logan Shaw.
0:15 of 3rd period - Shot Blocked by Pontus Aberg.
2:20 of 3rd period - Sam Bennett is hit by Viktor Baldayev and loses puck.
2:45 of 3rd period - Slapshot by Jonathan Matsumoto.
2:45 of 3rd period - Stopped by Juuse Saros with a rebound.
2:47 of 3rd period - Snap shot by Guillaume Desbiens.
2:47 of 3rd period - Shot Misses the Net.
2:49 of 3rd period - Slapshot by Niklas Hansson.
2:49 of 3rd period - Goal by Niklas Hansson - Mulligans : 3 - Remparts : 5.
2:50 of 3rd period - Maxime Macenauer wins face-off versus Jonathan Matsumoto in neutral zone.
2:52 of 3rd period - Off-side.
2:53 of 3rd period - Jonathan Matsumoto wins face-off versus Maxime Macenauer in neutral zone.
3:18 of 3rd period - Snap shot by Joonas Donskoi.
3:18 of 3rd period - Stopped by Garret Sparks with a rebound.
3:20 of 3rd period - Wrist shot by Sam Bennett.
3:20 of 3rd period - Stopped by Garret Sparks with a rebound.
3:22 of 3rd period - Slapshot by Cody Goloubef.
3:22 of 3rd period - Stopped by Garret Sparks with a rebound.
3:29 of 3rd period - Icing by Michal Jordan.
3:30 of 3rd period - Anton Lander wins face-off versus Jonathan Matsumoto in Remparts zone.
3:39 of 3rd period - Snap shot by Jonathan Ferland.
3:39 of 3rd period - Stopped by Garret Sparks with a rebound.
3:48 of 3rd period - Slapshot by Guillaume Desbiens.
3:48 of 3rd period - Shot Misses the Net.
3:56 of 3rd period - Wrist shot by Jonathan Matsumoto.
3:56 of 3rd period - Stopped by Juuse Saros without a rebound.
3:57 of 3rd period - Pontus Aberg wins face-off versus Maxime Macenauer in Mulligans zone.
4:00 of 3rd period - Wrist shot by Pontus Aberg.
4:00 of 3rd period - Stopped by Juuse Saros with a rebound.
4:43 of 3rd period - Slapshot by Anton Lander.
4:43 of 3rd period - Shot Misses the Net.
4:45 of 3rd period - Snap shot by Anton Lander.
4:45 of 3rd period - Goal by Anton Lander - Mulligans : 4 - Remparts : 5.
4:46 of 3rd period - Max Reinhart wins face-off versus Maxime Macenauer in neutral zone.
4:50 of 3rd period - Snap shot by Max Reinhart.
4:50 of 3rd period - Shot Misses the Net.
5:19 of 3rd period - Snap shot by Logan Shaw.
5:19 of 3rd period - Shot Blocked by Michal Jordan.
5:36 of 3rd period - Icing by Anton Lander.
5:37 of 3rd period - Anton Lander wins face-off versus Brendan Perlini in Mulligans zone.
5:42 of 3rd period - Wrist shot by Anton Lander.
5:42 of 3rd period - Stopped by Garret Sparks with a rebound.
5:52 of 3rd period - Robbie Russo is hit by Brendan Perlini and loses puck.
6:15 of 3rd period - Snap shot by Jonathan Matsumoto.
6:15 of 3rd period - Shot Misses the Net.
6:17 of 3rd period - Slapshot by Keaton Thompson.
6:17 of 3rd period - Shot Misses the Net.
6:19 of 3rd period - Wrist shot by Guillaume Desbiens.
6:19 of 3rd period - Goal by Guillaume Desbiens - Mulligans : 4 - Remparts : 6.
6:20 of 3rd period - Robby Fabbri wins face-off versus Max Reinhart in neutral zone.
7:51 of 3rd period - Slapshot by Niklas Hansson.
7:51 of 3rd period - Stopped by Juuse Saros with a rebound.
7:53 of 3rd period - Wrist shot by Max Reinhart.
7:53 of 3rd period - Shot Misses the Net.
7:55 of 3rd period - Snap shot by Pontus Aberg.
7:55 of 3rd period - Shot Blocked by Darren Dietz.
7:57 of 3rd period - Slapshot by Pontus Aberg.
7:57 of 3rd period - Shot Misses the Net.
8:41 of 3rd period - Wrist shot by Joonas Donskoi.
8:41 of 3rd period - Shot Misses the Net.
8:43 of 3rd period - Snap shot by Sam Bennett.
8:43 of 3rd period - Goal by Sam Bennett - Mulligans : 5 - Remparts : 6.
8:44 of 3rd period - Anton Lander wins face-off versus Max Reinhart in neutral zone.
9:49 of 3rd period - Nail Yakupov is hit by Sven Baertschi and loses puck.
9:54 of 3rd period - Slapshot by Darren Dietz.
9:54 of 3rd period - Stopped by Garret Sparks with a rebound.
9:56 of 3rd period - Slapshot by Darren Dietz.
9:56 of 3rd period - Shot Blocked by Matt Puempel.
11:00 of 3rd period - Wrist shot by Mitchell Heard.
11:00 of 3rd period - Stopped by Juuse Saros without a rebound.
11:01 of 3rd period - Max Reinhart wins face-off versus Anton Lander in Mulligans zone.
11:28 of 3rd period - Off-side.
11:29 of 3rd period - Maxime Macenauer wins face-off versus Jonathan Matsumoto in neutral zone.
11:34 of 3rd period - Wrist shot by Maxime Macenauer.
11:34 of 3rd period - Deflect By Matt Beleskey.
11:34 of 3rd period - Shot Misses the Net.
11:34 of 3rd period - Puck is out of play.
11:35 of 3rd period - Anton Lander wins face-off versus Max Reinhart in Remparts zone.
12:09 of 3rd period - Wrist shot by Drayson Bowman.
12:09 of 3rd period - Shot Blocked by Jonathan Matsumoto.
12:11 of 3rd period - Snap shot by Sam Bennett.
12:11 of 3rd period - Shot Misses the Net.
12:43 of 3rd period - Backhand shot by Guillaume Desbiens.
12:43 of 3rd period - Shot Misses the Net.
12:45 of 3rd period - Slapshot by Guillaume Desbiens.
12:45 of 3rd period - Stopped by Juuse Saros without a rebound.
12:46 of 3rd period - Anton Lander wins face-off versus Rickard Rakell in Mulligans zone.
12:48 of 3rd period - Icing by Jonathan Ferland.
12:49 of 3rd period - Max Reinhart wins face-off versus Anton Lander in Mulligans zone.
13:22 of 3rd period - Wrist shot by Nail Yakupov.
13:22 of 3rd period - Stopped by Juuse Saros with a rebound.
13:24 of 3rd period - Slapshot by Sam Reinhart.
13:24 of 3rd period - Stopped by Juuse Saros without a rebound.
13:25 of 3rd period - Jonathan Matsumoto wins face-off versus Sam Bennett in Mulligans zone.
13:50 of 3rd period - Cody Goloubef is hit by Pontus Aberg and loses puck.
15:12 of 3rd period - Off-side.
15:13 of 3rd period - Matt Beleskey wins face-off versus Max Reinhart in neutral zone.
15:29 of 3rd period - Off-side.
15:30 of 3rd period - Sam Bennett wins face-off versus Sam Reinhart in neutral zone.
15:33 of 3rd period - Snap shot by Drayson Bowman.
15:33 of 3rd period - Deflect By Sam Bennett.
15:33 of 3rd period - Stopped by Garret Sparks with a rebound.
15:55 of 3rd period - Valeri Nichushkin is hit by William Colbert and loses puck.
16:25 of 3rd period - Slapshot by Guillaume Desbiens.
16:25 of 3rd period - Shot Blocked by Darren Dietz.
16:47 of 3rd period - Michal Jordan is hit by Logan Shaw and loses puck.
17:30 of 3rd period - Wrist shot by Anton Lander.
17:30 of 3rd period - Deflect By Eric Tangradi.
17:30 of 3rd period - Shot Misses the Net.
17:30 of 3rd period - Puck is out of play.
17:31 of 3rd period - Sam Bennett wins face-off versus Sam Reinhart in Remparts zone.
17:39 of 3rd period - Icing by Michael Downing.
17:40 of 3rd period - Sam Reinhart wins face-off versus Sam Bennett in Remparts zone.
17:40 of 3rd period - Sam Reinhart is hit by Michael Sdao.
17:58 of 3rd period - Slapshot by Cody Goloubef.
17:58 of 3rd period - Stopped by Garret Sparks with a rebound.
18:03 of 3rd period - Off-side.
18:04 of 3rd period - Max Reinhart wins face-off versus Robby Fabbri in neutral zone.
18:37 of 3rd period - Snap shot by Jonathan Ferland.
18:37 of 3rd period - Goal by Jonathan Ferland - Mulligans : 6 - Remparts : 6.
18:38 of 3rd period - Sam Bennett wins face-off versus Max Reinhart in neutral zone.
19:28 of 3rd period - Max Reinhart is hit by Eric Tangradi and loses puck.
Goals for this period are 3 for Mulligans vs 2 for Remparts.
Shots for this period are 11 for Mulligans vs 10 for Remparts.
Overtime #1
0:01 of 1st overtime period - Anton Lander wins face-off versus Max Reinhart in neutral zone.
1:12 of 1st overtime period - Snap shot by Sven Baertschi.
1:12 of 1st overtime period - Stopped by Garret Sparks with a rebound.
1:14 of 1st overtime period - Backhand shot by Sven Baertschi.
1:14 of 1st overtime period - Shot Blocked by William Colbert.
2:38 of 1st overtime period - Drayson Bowman is hit by Pontus Aberg and loses puck.
3:38 of 1st overtime period - Cody Goloubef is hit by Max Reinhart and loses puck.
3:49 of 1st overtime period - Keaton Thompson is hit by Anton Lander and loses puck.
4:26 of 1st overtime period - Sven Baertschi is hit by Pontus Aberg and loses puck.
4:45 of 1st overtime period - Niklas Hansson is hit by Drayson Bowman and loses puck.
Goals for this period are 0 for Mulligans vs 0 for Remparts.
Shots for this period are 1 for Mulligans vs 0 for Remparts.
ShootOut
5:00 of 1st overtime period - Round #1.
5:00 of 1st overtime period - Mulligans, Anton Lander.
5:00 of 1st overtime period - Snap shot by Anton Lander.
5:00 of 1st overtime period - Shot Misses the Net.
5:00 of 1st overtime period - Remparts, Jonathan Matsumoto.
5:00 of 1st overtime period - Snap shot by Jonathan Matsumoto.
5:00 of 1st overtime period - Stopped by Juuse Saros.
5:00 of 1st overtime period - Round #2.
5:00 of 1st overtime period - Mulligans, Eric Tangradi.
5:00 of 1st overtime period - Snap shot by Eric Tangradi.
5:00 of 1st overtime period - Goal by Eric Tangradi.
5:00 of 1st overtime period - Remparts, Pontus Aberg.
5:00 of 1st overtime period - Snap shot by Pontus Aberg.
5:00 of 1st overtime period - Goal by Pontus Aberg.
5:00 of 1st overtime period - Round #3.
5:00 of 1st overtime period - Mulligans, Jonathan Ferland.
5:00 of 1st overtime period - Snap shot by Jonathan Ferland.
5:00 of 1st overtime period - Shot Misses the Net.
5:00 of 1st overtime period - Remparts, Max Reinhart.
5:00 of 1st overtime period - Snap shot by Max Reinhart.
5:00 of 1st overtime period - Stopped by Juuse Saros.
5:00 of 1st overtime period - Round #4.
5:00 of 1st overtime period - Mulligans, Maxime Macenauer.
5:00 of 1st overtime period - Deke by Maxime Macenauer.
5:00 of 1st overtime period - Goal by Maxime Macenauer.
5:00 of 1st overtime period - Remparts, Brendan Perlini.
5:00 of 1st overtime period - Deke by Brendan Perlini.
5:00 of 1st overtime period - Stopped by Juuse Saros.
Back to the Top